 Dungeon Crawl Stone Soup version 0.28.0-53-g5a82cb258f (webtiles) character file.

Game seed: 13195430396858598727

574 Zeld the Conjurer (level 7, -1/36 HPs)
             Began as a Gargoyle Conjurer on June 2, 2022.
             Killed from afar by Sigmund (8 damage)
             ... with a puff of flame
             ... on level 5 of the Dungeon.
             The game lasted 00:08:02 (6907 turns).

Zeld the Conjurer (Gargoyle Conjurer)               Turns: 6907, Time: 00:08:02

Health: -1/36      AC:  7    Str: 10    XL:     7   Next: 35%
Magic:  5/14       EV: 11    Int: 21    God:
Gold:   50         SH:  0    Dex:  8    Spells: 4/15 levels left

rFire   . . .      SeeInvis .   (no weapon)
rCold   . . .      Faith    .   (no shield)
rNeg    + . .      Spirit   .   a - +0 robe
rPois   ∞          Reflect  .   (no helmet)
rElec   +          Harm     .   (no cloak)
rCorr   .          Rampage  .   (no gloves)
Will    .....                   n - +0 pair of boots
Stlth   ++........              (no amulet)
HPRegen 0.12/turn               (no ring)
MPRegen 0.14/turn               (no ring)

@: no status effects
A: sickness immunity, AC +4, negative energy resistance 1, electricity
resistance, torment resistance 1, petrification resistance
a: no special abilities


You were on level 5 of the Dungeon.
You visited 1 branch of the dungeon, and saw 5 of its levels.

You collected 50 gold pieces.

Inventory:

Missiles
 l - 32 bolts
Armour
 a - a +0 robe (worn)
 n - a +0 pair of boots (worn)
Wands
 j - a wand of charming (11)
Scrolls
 b - a scroll of enchant armour {unknown}
 d - 6 scrolls of identify {unknown}
 h - a scroll of summoning {unknown}
 k - 2 scrolls of magic mapping {unknown}
 m - a scroll of noise {unknown}
Potions
 c - a potion of brilliance {unknown}
 e - a potion of berserk rage
 f - 3 potions of flight {unknown}
 g - a potion of curing {unknown}
 i - a potion of magic {unknown}


   Skills:
 + Level 1.5 Dodging
 - Level 4.0 Stealth
 * Level 4.9 Spellcasting
 + Level 5.9 Conjurations
 - Level 2.0 Hexes
 - Level 2.0 Translocations


You had 4 spell levels left.
You knew the following spells:

 Your Spells              Type           Power      Damage    Failure   Level
a - Magic Dart            Conj           100%       1d8       1%          1
b - Searing Ray           Conj           60%        2d6       1%          2
c - Fulminant Prism       Conj/Hex       10%        3d9       22%         4
d - Iskenderun's Mystic   Conj/Tloc      21%        2d6       22%         4

Your spell library contained the following spells:

 Spells                   Type           Power      Damage    Failure   Level
 Dazzling Flash           Conj/Hex       42%        N/A       6%          3
 Stone Arrow              Conj/Erth      34%        3d9       10%         3
 Sandblast                Erth           10%        2d5       11%         1
 Summon Small Mammal      Summ           20%        N/A       11%         1
 Passwall                 Tmut/Erth      4%         N/A       17%         2
 Summon Guardian Golem    Hex/Summ       9%         N/A       22%         3
 Call Canine Familiar     Summ           5%         N/A       32%         3


Dungeon Overview and Level Annotations

Branches:
Dungeon (5/15)
 Temple: D:4-7

Altars:
Elyvilon
Makhleb
Zin
The Shining One

Shops:
D:2 [(*

Annotations:
D:2 1 runed translucent door, Crazy Yiuf
D:4 Edmund
D:5 Sigmund


Innate Abilities, Weirdness & Mutations

You are immune to sickness and miasma.
Your stone body is resilient. (AC +4)
You are immune to poison.
You resist negative energy. (rN+)
You are resistant to electric shocks. (rElec)
You are resistant to unholy torment.
You are immune to petrification.


Message History

Sigmund slams into the rock wall!
Sigmund is almost dead.
Sigmund gestures at you while chanting.
You are confused.
You're too confused to cast spells.
Sigmund casts a spell.
Sigmund flickers and vanishes!
Deactivating autopickup; reactivate with Ctrl-A.
Something hits you but does no damage.
There is a stone staircase leading up here.
Something hits you!
You miss something.
You feel less confused.
You hear some strange, mumbled words.
You are confused.
You bump into the rock wall.
Something hits you.
You're too confused to move!
Something hits you.
You're too confused to move!
Something hits you.
You feel less confused.
You hear some strange, mumbled words.
You are confused.
You bump into the rock wall.
A magic dart appears from out of thin air!
The magic dart hits you!
* * * LOW HITPOINT WARNING * * *
You bump into the rock wall.
Something hits you but does no damage.
You bump into the rock wall.
You hear some strange, mumbled words.
Something tries to affect you, but you resist.
You bump into the rock wall.
You feel less confused. Something hits you but does no damage.
A scorpion comes into view.
The scorpion moves out of view.
Sigmund appears from thin air!
Reactivating autopickup.
Sigmund casts a spell at you. The puff of flame hits you!
You die...

##### #.####
#...######....
#........#..#
#...####.#..#######
##@## #...<......)
#.# ###..#######
#.# #...# #.##
#.#.# #.@# #.#.#
##.# #...# #s#
..[## #.# ##. #.#
#.# #.# #.#


You could see Sigmund and a scorpion.

Vanquished Creatures
  2 necrophages (D:4)
  A centaur (D:4)
  A scorpion (D:4)
  A howler monkey (D:4)
  A jelly (D:4)
  A centaur skeleton (D:4)
  An iguana (D:4)
  3 hound skeletons (D:4)
  5 adders
  An adder skeleton (D:4)
  A worm (D:4)
  2 dart slugs
  4 endoplasms
  3 giant cockroaches
  5 hobgoblins
  2 jackals (D:4)
  7 quokkas
  8 ball pythons
  2 bats
  2 frilled lizards
  6 goblins
  6 kobolds
  3 rats
68 creatures vanquished.

Notes
Turn   | Place    | Note
-------+----------+-------------------------------------------
     0 | D:1      | Zeld the Gargoyle Conjurer began the quest for the Orb.
     0 | D:1      | Reached XP level 1. HP: 10/10 MP: 3/3
   599 | D:1      | Reached XP level 2. HP: 15/15 MP: 1/5
   720 | D:1      | Learned a level 2 spell: Searing Ray
  1808 | D:2      | Reached skill level 1 in Hexes
  1912 | D:2      | Reached skill level 1 in Translocations
  1912 | D:2      | Reached XP level 3. HP: 19/19 MP: 1/6
  2158 | D:2      | Found Oxaubuv's Antique Weapon Shop.
  2266 | D:2      | Found a faded altar of an unknown god.
  2476 | D:2      | Found a runed translucent door.
  2477 | D:2      | Noticed Crazy Yiuf
  2548 | D:2      | Found Guruas's Armour Shoppe.
  2674 | D:2      | Found Asam's Assorted Antiques.
  2841 | D:3      | Reached XP level 4. HP: 24/24 MP: 3/8
  3069 | D:3      | Found a white marble altar of Elyvilon.
  3069 | D:3      | Found a glowing golden altar of the Shining One.
  3070 | D:3      | Found a glowing silver altar of Zin.
  3892 | D:4      | Reached XP level 5. HP: 18/28 MP: 6/9
  4217 | D:4      | Found a burning altar of Makhleb.
  4325 | D:4      | Reached skill level 5 in Conjurations
  4399 | D:4      | Noticed Edmund
  4474 | D:4      | Noticed a centaur
  4490 | D:4      | Noticed a necrophage
  4719 | D:4      | Reached XP level 6. HP: 32/32 MP: 7/11
  4724 | D:4      | Learned a level 4 spell: Fulminant Prism
  4729 | D:4      | Learned a level 4 spell: Iskenderun's Mystic Blast
  4785 | D:4      | Noticed a necrophage
  4794 | D:4      | Killed a necrophage
  4982 | D:4      | Killed a necrophage
  4983 | D:4      | Reached XP level 7. HP: 31/36 MP: 3/13
  5765 | D:4      | Identified the +1 hunting sling "Safuofiu" {vorpal, Str+4}
  6004 | D:4      | Found a burning altar of Makhleb.
  6877 | D:5      | Entered Level 5 of the Dungeon
  6877 | D:5      | Noticed Sigmund
  6907 | D:5      | Killed from afar by Sigmund

Illustrated notes

Levels and vault maps discovered:
D:1:      heliophobic_arrival_ceremonial_halls, layout_basic
D:2:      layout_basic, hellmonk_ecumenical_altar_leap_of_faith, serial_shops,
          nicolae_shop_advertising_works [nicolae_subvault_shop_adworks],
          nicolae_shop_hallway_plus, nicolae_shop_waterfront,
          uniq_crazy_yiuf_cottage
D:3:      layout_loops_ring, good_gods_temple_1, minmay_misc_feat_x
D:4:      layout_gridville, lemuel_tele_altar, chequers_serial_rivers_small_a,
          uniq_edmund
D:5:      layout_loops_ring, uniq_sigmund

Skill      XL: |  1  2  3  4  5  6  7 |
---------------+----------------------+-----
Hexes          | 1 2 |  2.0
Translocations | 1 2 |  2.0
Spellcasting   | 3 4 |  4.9
Conjurations   | 5 |  5.9
Stealth        | 3 4 |  4.0
Dodging        | |  1.5

Action                   |  1- 3 |  4- 6 |  7- 9 || total
-------------------------+-------+-------+-------++-------
Melee: Unarmed           |    21 |       |     1 ||    22
 Cast: Magic Dart        |    26 |     1 |     3 ||    30
       Searing Ray       |    18 |    30 |     6 ||    54
       Iskenderun's Myst |       |       |     8 ||     8
Evoke: Wand              |       |       |    12 ||    12
Armor: Robe              |    12 |    14 |    13 ||    39
Dodge: Dodged            |    17 |    28 |    15 ||    60
